 Dungeon Crawl Stone Soup version 0.20.0-10-g0535bb4 (webtiles) character file.

1113 MTVSty1e the Chopper (level 8, -2/52 HPs)
             Began as a Gargoyle Fighter on June 4, 2017.
             Slain by a killer bee (4 damage)
             ... on level 5 of the Dungeon.
             The game lasted 00:08:14 (3260 turns).

MTVSty1e the Chopper (Gargoyle Fighter)             Turns: 3260, Time: 00:08:15

Health: -2/52      AC: 11    Str: 22    XL:     8   Next: 33%
Magic:  8/8        EV:  7    Int:  9    God:
Gold:   237        SH:  9    Dex:  9    Spells: 7/7 levels left

rFire    + . .     SeeInvis .   a - +0 war axe
rCold    + . .     Gourm    .   c - +0 shield
rNeg     + . .     Faith    .   b - +0 scale mail
rPois    ∞         Spirit   .   k - +0 helmet
rElec    +         Reflect  .   y - scarf {rC+ rF+}
rCorr    +         Harm     .   D - +0 pair of gloves
MR       .....                  (no boots)
Stlth    ..........             (no amulet)
Regen    0.2/turn               d - -3 ring of protection (curse)
MPRegen  0.2/turn               o - ring of resist corrosion

@: berserk cooldown, slowed, very slow
A: negative energy resistance 1, electricity resistance, unbreathing,
petrification resistance, rot immunity, AC +5
a: no special abilities


You were on level 5 of the Dungeon.
You were not hungry.

You visited 1 branch of the dungeon, and saw 5 of its levels.

You collected 237 gold pieces.

Inventory:

Hand Weapons
 a - a +0 war axe (weapon)
Armour
 b - a +0 scale mail (worn)
 c - a +0 shield (worn)
 k - a +0 helmet (worn)
 y - a scarf of resistance (worn)
 D - a +0 pair of gloves (worn)
Jewellery
 d - a cursed -3 ring of protection (left hand)
 o - a ring of resist corrosion (right hand)
 u - an uncursed ring of poison resistance
Wands
 t - a wand of confusion (12/48)
Scrolls
 h - 2 scrolls of recharging
 r - a scroll of teleportation
 x - a scroll of fog
Potions
 e - 3 potions of curing
 g - a potion of invisibility
 n - a potion of brilliance
 v - a potion of cancellation
 B - 2 potions of resistance
Comestibles
 f - 3 bread rations
 A - a royal jelly
 C - a meat ration


   Skills:
 + Level 6.6 Fighting
 * Level 7.5 Axes
 - Level 3.2 Armour
 - Level 3.2 Shields


You had 7 spell levels left.
You didn't know any spells.

Dungeon Overview and Level Annotations

Branches:
Dungeon (5/15)
 Temple: D:4-7

Altars:
Dithmenos
Gozag
Nemelex Xobeh
Ru
Trog
Uskayaw
Yredelemnul

Shops:
D:5 (

Annotations:
D:5 Gorglomux's ghost, novice HOMo


Innate Abilities, Weirdness & Mutations

You are resistant to torment.
Your stone body is resilient. (AC +5)
You are immune to poison.
You resist negative energy. (rN+)
You are resistant to electric shocks. (rElec)
You can survive without breathing.
You are immune to petrification.
You are immune to rotting.


Message History

Gorglomux's ghost is moderately damaged.
You barely miss the ice beast. You hit the killer bee. You miss the killer bee.
The killer bee barely misses you.
The killer bee stings you but does no damage. x2
You block the killer bee's attack. The ice beast barely misses you.
The killer bee stings you but does no damage.
You block Gorglomux's ghost's attack. The killer bee closely misses you.
The ice beast hits you but does no damage.
The killer bee closely misses you. You block the killer bee's attack.
Gorglomux's ghost hits you!
* * * LOW HITPOINT WARNING * * *
You aren't carrying or standing over any spellbooks.
You block the killer bee's attack. The killer bee barely misses you.
The killer bee stings you but does no damage.
The killer bee stings you.
* * * LOW HITPOINT WARNING * * *
The ice beast barely misses you.
Gorglomux's ghost hits you but does no damage.
You block the killer bee's attack. The killer bee stings you.
You die...

....... . ..........
.. ........ # # ...
#......#.#. ........
...∩ #......#.. #
........ .....
#.......##.#
........
.....S##y.#.#......
........
.....lW@y##.o..#
........
......Y).......#
§§§.....
......#######.......
§§§..... $.....
#...y.. §§§.....
..... ##....
§§§..).. ..... ...
§§§Y.... .... ..
§....... .... <
........


You could see an ice beast, 2 killer bees, Gorglomux's ghost, an adder and a
frilled lizard.

Vanquished Creatures
  The ghost of kalagan the Shield-Bearer, an amateur HOFi of Hepliaklqana (D:3)
  The ghost of ThereIsNoGod the Cudgeler, an amateur GrFi (D:4)
  A phantom (D:4)
  An ogre (D:1)
  2 centaurs (D:5)
  A scorpion (D:4)
  A killer bee (D:4)
  A howler monkey (D:4)
  2 hounds
  A jelly (D:4)
  An orc wizard (D:5)
  A worker ant (D:4)
  7 adders
  An ooze (D:3)
  2 worms (D:3)
  2 leopard geckos (D:3)
  15 orcs
  12 bats
  3 giant cockroaches
  3 goblins
  4 hobgoblins
  9 kobolds
  2 quokkas
  3 frilled lizards
  A quokka skeleton (D:4)
  6 rats
84 creatures vanquished.

Notes
Turn   | Place    | Note
-------+----------+-------------------------------------------
     0 | D:1      | MTVSty1e the Gargoyle Fighter began the quest for the Orb.
     0 | D:1      | Reached XP level 1. HP: 14/14 MP: 1/1
   135 | D:1      | Reached skill level 2 in Axes
   239 | D:1      | Reached XP level 2. HP: 17/19 MP: 2/2
   801 | D:2      | Found a shadowy altar of Dithmenos.
  1298 | D:2      | Reached XP level 3. HP: 23/23 MP: 3/3
  1337 | D:3      | Found a basalt altar of Yredelemnul.
  1345 | D:3      | Reached skill level 3 in Axes
  1451 | D:3      | Noticed kalagan's ghost (amateur HOFi)
  1459 | D:3      | Killed kalagan's ghost
  1459 | D:3      | Reached skill level 4 in Axes
  1459 | D:3      | Reached XP level 4. HP: 9/30 MP: 4/4
  1459 | D:3      | Reached XP level 5. HP: 10/34 MP: 5/5
  1459 | D:3      | Reached XP level 6. HP: 11/39 MP: 6/6
  1600 | D:4      | Noticed ThereIsNoGod's ghost (amateur GrFi)
  1648 | D:1      | Reached skill level 5 in Fighting
  1648 | D:1      | Reached skill level 5 in Axes
  1960 | D:3      | Found a sparkling altar of Nemelex Xobeh.
  1963 | D:3      | Found a hide-covered altar of Uskayaw.
  1966 | D:3      | Found a sacrificial altar of Ru.
  2479 | D:4      | Killed ThereIsNoGod's ghost
  2479 | D:4      | Reached skill level 6 in Axes
  2479 | D:4      | Reached XP level 7. HP: 39/44 MP: 7/7
  2726 | D:4      | Found a bloodstained altar of Trog.
  2735 | D:4      | Found an opulent altar of Gozag.
  3039 | D:5      | Entered Level 5 of the Dungeon
  3048 | D:5      | Found Ostaof's Weapon Shop.
  3048 | D:5      | Noticed Gorglomux's ghost (novice HOMo)
  3118 | D:4      | Reached XP level 8. HP: 42/51 MP: 8/8
  3188 | D:4      | Reached skill level 7 in Axes
  3260 | D:5      | HP: 2/52 [killer bee (1)]
  3260 | D:5      | Slain by a killer bee

Skill      XL: |  1  2  3  4  5  6  7  8 |
---------------+-------------------------+-----
Axes           | 2 4 6 7 |  7.5
Fighting       | 4 5 6 |  6.6
Armour         | |  3.2
Shields        | |  3.2

Action                   |  1- 3 |  4- 6 |  7- 9 || total
-------------------------+-------+-------+-------++-------
Melee: War axe           |   147 |    88 |   124 ||   359
  Use: Scroll            |     2 |       |    10 ||    12
       Potion            |     1 |     2 |     6 ||     9
  Eat: Royal jelly       |     1 |     2 |       ||     3
       Fruit             |       |       |     3 ||     3
Armor: Scale mail        |    89 |    38 |    91 ||   218
Dodge: Dodged            |    71 |    25 |    76 ||   172
Block: Shield            |    81 |    52 |   120 ||   253
